 Dungeon Crawl Stone Soup version 0.21-a0-78-g82a99e0 (webtiles) character file.

189617 4thArraOfDagon the Whirler (level 17, -10/105 HPs)
             Began as a Mummy Artificer on June 21, 2017.
             Was a High Priest of Ru.
             Killed from afar by xgamer67's ghost (27 damage)
             ... with a flame tongue
             ... on level 4 of the Spider Nest on June 22, 2017.
             The game lasted 02:07:34 (28097 turns).

4thArraOfDagon the Whirler (Mummy Artificer)       Turns: 28097, Time: 02:07:35

Health: -10/105    AC: 26    Str: 15    XL:     17   Next: 95%
Magic:  19/26      EV:  6    Int: 17    God:    Ru [*****.]
Gold:   1508       SH:  0    Dex: 14    Spells: 12/33 levels left

rFire    . . .     SeeInvis .   p - +9 fustibalus (velocity)
rCold    x . .     Gourm    .   (no shield)
rNeg     + + +     Faith    .   o - +4 plate armour of the First Friends {+Blink rC- Regen+}
rPois    ∞         Spirit   .   X - +2 helmet {Int+3}
rElec    .         Reflect  .   Q - +1 cloak {MR+}
rCorr    .         Harm     +   (no gloves)
MR       ++++.                  l - +1 pair of boots
Stlth    ..........             i - amulet of harm
HPRegen  0.67/turn              g - ring of protection from magic
MPRegen  0.20/turn              W - ring of fire

@: exhausted, studying Dodging, drained
A: no food or potions, fire vulnerability, cold resistance 1, dopey 1, frail 1,
low mp 1, negative energy resistance 3, torment resistance, unbreathing, no
potion heal 1, no stealth, no conjurations magic, no earth magic, no necromancy
magic, in touch with death 1
a: Sacrifice Purity, Sacrifice an Eye, Sacrifice Courage, Reject Sacrifices,
Draw Out Power, Power Leap, Apocalypse, Renounce Religion, Evoke Blink


You were on level 4 of the Spider Nest.
You worshipped Ru.
Ru was extremely pleased with you.
You were not hungry.

You visited 5 branches of the dungeon, and saw 30 of its levels.

You collected 3537 gold pieces.
You spent 2029 gold pieces at shops.

Inventory:

Hand Weapons
 b - a +1 bardiche of venom
 h - the +9 hunting sling of Qicedo {venom, Dex+4}
   (You found it on level 5 of the Dungeon)

   It poisons the ammo it fires.
   It affects your dexterity (+4).
 p - a +9 fustibalus of velocity (weapon)
 F - the +5 scythe "Finisher" {speed, Str+3}
   (You found it on level 3 of the Elven Halls)

   Attacks with this weapon are significantly faster.
   It affects your strength (+3).
 H - the +9 spear "Quhue" {pierce, rElec rC+}
   (You bought it in a shop on level 1 of the Orcish Mines)

   It inflicts extra damage upon your enemies.
   It protects you from cold.
   It insulates you from electricity.
Missiles
 d - 41 sling bullets (quivered)
 s - 261 stones
 D - 2 throwing nets
 U - 7 curare-tipped needles
Armour
 l - a +1 pair of boots (worn)
 o - the +4 plate armour of the First Friends (worn) {+Blink rC- Regen+}
   (You bought it in a shop on level 2 of the Orcish Mines)

   It makes you vulnerable to cold.
   It lets you blink.
   It increases your rate of regeneration.
 t - the +1 chain mail of Ynusenel {rElec rF+ rC+}
   (You bought it in a shop on level 2 of the Orcish Mines)

   It protects you from fire.
   It protects you from cold.
   It insulates you from electricity.
 Q - a +1 cloak of magic resistance (worn)
 X - a +2 helmet of intelligence (worn)
Jewellery
 f - an uncursed ring of resist corrosion
 g - a ring of protection from magic (left hand)
 i - an amulet of harm (around neck)
 m - the ring of the Wary Stars {*Contam rElec Int+5 SInv}
   (You took it off a deep elf master archer on level 3 of the Elven Halls)

   [ring of see invisible]

   It affects your intelligence (+5).
   It insulates you from electricity.
   It lets you see invisible.
   It causes magical contamination when unequipped.
 G - an uncursed ring of poison resistance
 L - an uncursed ring of protection from cold
 P - a +4 ring of intelligence
 S - an uncursed ring of see invisible
 W - a ring of fire (right hand)
Wands
 c - a wand of flame (2/48)
 e - a wand of random effects (9/48)
 u - a wand of acid (6/15)
 w - a wand of polymorph (1/24)
 z - a wand of lightning (4/15)
 C - a wand of paralysis (13/24)
 E - a wand of random effects (24/48)
 M - a wand of confusion (9/48)
 Z - a wand of confusion (21/48)
Scrolls
 a - 2 scrolls of immolation
 j - 4 scrolls of amnesia
 k - a scroll of blinking
 n - 6 scrolls of remove curse
 q - 10 scrolls of recharging
 r - 7 scrolls of teleportation
 v - 4 scrolls of enchant armour
 A - 2 scrolls of fear
 N - 4 scrolls of magic mapping
 R - 2 scrolls of summoning
 V - 2 scrolls of vulnerability
 Y - 2 scrolls of fog
Books
 I - a manual of Dodging
Miscellaneous
 x - a lamp of fire
 y - a phantom mirror
 B - a lightning rod (4/4)
 K - a phial of floods
 O - a fan of gales


   Skills:
 - Level 6.0(4.8) Fighting
   Level 0.7(0.0) Short Blades
 * Level 13.5(12.0) Polearms
 * Level 18.0(16.4) Slings
 + Level 10.3(9.0) Armour
 - Level 4.5(3.4) Dodging
 - Level 8.8(7.5) Spellcasting
 - Level 7.0(5.8) Translocations
 - Level 4.2(3.1) Evocations


You had 12 spell levels left.
You knew the following spells:

 Your Spells              Type           Power        Failure   Level  Hunger
a - Blink                 Tloc           N/A          54%         2    N/A
b - Mephitic Cloud        Conj/Pois/Air  #.......     100%        3    N/A
c - Apportation           Tloc           ####..       38%         1    N/A
d - Silence               Hex/Air        #.........   100%        5    N/A
e - Controlled Blink      Tloc           N/A          100%        8    N/A
f - Swiftness             Chrm/Air       #.......     100%        2    N/A

Dungeon Overview and Level Annotations

Branches:
Dungeon (15/15)            Temple (0/1) D:7            Lair (6/6) D:10
 Shoals (0/4) Lair:4       Spider (4/4) Lair:3          Orc (2/2) D:12
    Elf (3/3) Orc:2        Vaults (0/5) D:13
  Slime: Lair:5-6    Depths: D:15

Altars:
Dithmenos
Fedhas
Gozag
Makhleb
Okawaru
Ru
Trog
Wu Jian
Zin
The Shining One
Beogh

Shops:
D:4 %   D:14 [%   Orc:1 (   Orc:2 ([}[   Elf:1 *   Elf:2 =

Annotations:
D:11 4thArraOfDagon's ghost, journeyman MiAK
Lair:4 Urug
Lair:5 wazuzu's ghost, journeyman DEFE
Spider:4 xgamer67's ghost, adept OgFE
Elf:2 2 runed doors


Innate Abilities, Weirdness & Mutations

You do not eat or drink.
Your flesh is vulnerable to fire.
You are immune to poison.
Your flesh is cold resistant. (rC+)
You are dopey. (Int -2)
You are frail. (-10% HP)
Your magical capacity is low. (-10% MP)
You are immune to negative energy. (rN+++)
You are immune to unholy pain and torment.
You can survive without breathing.
Potions are less effective at restoring your health.
You cannot be stealthy.
You cannot study or cast Conjurations magic.
You cannot study or cast Earth magic.
You cannot study or cast Necromancy magic.
You are in touch with the powers of death.


Message History

Press: ? - help, Shift-Dir - straight line, f/p - xgamer67's ghost
Aim: xgamer67's ghost, wielding a weapon of flaming (severely damaged)
You shoot a sling bullet. The sling bullet hits xgamer67's ghost!
Xgamer67's ghost is almost destroyed.
The redback is stunned by your will and fails to attack.
The jumping spider leaps!
Xgamer67's ghost casts a spell at you. The flame tongue hits you!
* * * LOW HITPOINT WARNING * * *
Unknown command.
Firing (i - inventory. (,) - cycle):
d - 42 sling bullets (quivered)
Press: ? - help, Shift-Dir - straight line, f/p - xgamer67's ghost
Aim: xgamer67's ghost, wielding a weapon of flaming (almost destroyed)
You shoot a sling bullet.
The sling bullet misses xgamer67's ghost.
The redback bites you but does no damage.
You redirect the jumping spider's attack!
Xgamer67's ghost points at you and mumbles some strange words.
The flame tongue hits you!
You die...

.## ##..........#...
..(# #........<...#..
....# #...............
≈..†.###^.............^
≈.....''......#.#.....#
..≈≈.†''.^..§........#
#§.''........^...###
#≈###Ws†..#..#.....##
#.@......#/.....###
#.s.#.^..##.......#
##........#.......#
#.......^.....#...
#.......#[........
##.........#^...#.
##..<...#........
#...............
##.^..#......^..


You could see a jumping spider, a redback and xgamer67's ghost.

Vanquished Creatures
  Rupert (Lair:3)
  3 deep elf master archers (Elf:3)
  3 deep elf blademasters
  Gastronok (Lair:1)
  Roxanne (Spider:4)
  Donald (Elf:3)
  2 deep elf sorcerers
  A ghost moth (Spider:3)
  2 deep elf elementalists
  A stone giant (Orc:2)
  An entropy weaver (Spider:2)
  2 deep elf demonologists
  8 deep elf annihilators
  Snorg (D:12)
  4 deep elf death magi (Elf:3)
  A fire dragon (Lair:6)
  3 vault guards (D:13)
  2 deep elf high priests (Elf:3)
  Harold (Lair:4)
  5 hydras
  6 two-headed ogres
  A catoblepas (D:13)
  6 death yaks
  A death knight (D:11)
  10 dancing weapons
  2 orc high priests (Orc:2)
  A tengu warrior (D:11)
  23 deep elf knights
  A skeletal warrior (D:11)
  An unseen horror (D:11)
  2 wizards
  24 deep elf archers
  5 orc knights
  A lindwurm (Lair:6)
  A wolf spider zombie (D:13)
  2 harpies (shapeshifter)
  4 necromancers (D:13)
  12 orb spiders
  12 wolf spiders
  2 oklob plants
  64 deep elf magi
  7 orc sorcerers
  2 cyclopes (D:15)
  4 ugly things
  A manticore (D:11)
  A moth of wrath (D:13)
  A merfolk siren (Lair:4)
  4 black mambas (Lair:6)
  22 elephants
  2 molten gargoyles (Lair:6)
  A gargoyle (D:14)
  11 spiny frogs
  3 torpor snails
  6 rime drakes
  6 demonic crawlers
  8 komodo dragons
  A small abomination (Elf:3)
  7 trolls
  2 tengu conjurers
  2 meliai (D:14)
  13 jumping spiders
  A polar bear (Lair:6)
  3 slime creatures (D:12)
  Grinder (D:5)
  16 blink frogs
  A raiju (shapeshifter) (D:13)
  3 hornets
  11 hippogriffs
  A shadow (D:11)
  3 air elementals
  20 redbacks
  2 water elementals
  4 basilisks
  A tarantella (shapeshifter) (D:11)
  17 humans (D:13)
  16 tarantellas
  32 yaks
  8 wyverns
  A wraith (D:13)
  4 vampire mosquitoes
  15 centaurs
  A fire elemental (Elf:3)
  3 steam dragons (Lair:6)
  A hungry ghost (D:7)
  3 wargs
  12 water moccasins
  3 hell hounds (Lair:6)
  8 porcupines
  Duvessa (D:7)
  3 black bears
  25 orc warriors
  4 sky beasts
  A phantom (D:8)
  4 ice beasts
  15 ogres
  2 necrophages
  An eye of draining (D:13)
  6 wolves (Lair:3)
  10 crocodiles
  A big kobold (D:11)
  4 earth elementals
  12 bullfrogs
  A water moccasin zombie (D:8)
  3 scorpions
  A wyvern skeleton (D:11)
  Dowan (D:7)
  9 killer bees
  A wight (D:11)
  5 howler monkeys
  4 lava snakes (Lair:6)
  2 bullfrog zombies (D:10)
  6 crimson imps
  4 centaur zombies
  A jelly (D:8)
  A gnoll shaman (D:4)
  15 orc priests
  2 bullfrog skeletons (D:12)
  8 hounds
  24 orc wizards
  2 centaur skeletons
  7 iguanas
  11 worker ants
  2 hound zombies
  3 worker ant zombies
  9 gnolls
  5 adders
  2 shadow imps
  2 oozes
  2 adder skeletons
  An adder zombie (D:6)
  3 worms
  2 dart slugs
  8 leopard geckos
  89 orcs
  9 giant cockroaches
  7 goblins
  3 hobgoblins
  2 jackals (D:1)
  8 kobolds
  8 quokkas
  2 ball pythons
  8 bats
  6 frilled lizards
  A leopard gecko skeleton (D:6)
  2 quokka skeletons (D:5)
  7 rats
  6 fungi
  4 plants
918 creatures vanquished.

Vanquished Creatures (collateral kills)
  A yak (D:11)
  A crimson imp (D:14)
  A hound (D:6)
  An orc priest (D:6)
  An orc wizard (D:6)
  3 jackals (D:6)
8 creatures vanquished.

Vanquished Creatures (others)
  2 deep elf elementalists
  A dancing weapon (Elf:1)
  An orc high priest (Orc:2)
  A deep elf archer (Elf:3)
  A deep elf mage (Elf:2)
  A wolf spider (Spider:3)
  A gargoyle (D:11)
  2 redbacks (Spider:3)
  An air elemental (Elf:2)
  A bullfrog (D:6)
  An orc priest (D:6)
  A worker ant (D:10)
  An orc (D:6)
  21 fungi
  15 plants
51 creatures vanquished.

Grand Total: 977 creatures vanquished

Notes
Turn   | Place    | Note
-------+----------+-------------------------------------------
     0 | D:1      | 4thArraOfDagon the Mummy Artificer began the quest for the Orb.
     0 | D:1      | Reached XP level 1. HP: 15/15 MP: 2/2
   210 | D:2      | Reached XP level 2. HP: 21/21 MP: 3/3
   387 | D:2      | Reached skill level 1 in Armour
   497 | D:2      | Reached XP level 3. HP: 17/26 MP: 5/5
   828 | D:4      | Reached XP level 4. HP: 19/33 MP: 6/6
   956 | D:4      | Found an ornate altar of the Wu Jian Council.
  1058 | D:5      | Entered Level 5 of the Dungeon
  1081 | D:5      | Noticed Grinder
  1093 | D:5      | Killed Grinder
  1093 | D:5      | Reached XP level 5. HP: 40/40 MP: 7/7
  1093 | D:5      | Reached XP level 6. HP: 46/46 MP: 8/8
  1147 | D:5      | Noticed an angel
  1148 | D:5      | Found a glowing silver altar of Zin.
  1369 | D:5      | Found a blossoming altar of Fedhas.
  1384 | D:5      | Got an ancient hunting sling
  1692 | D:6      | Found a burning altar of Makhleb.
  1720 | D:6      | HP: 2/47 [scorpion (4)]
  1731 | D:6      | Found a sacrificial altar of Ru.
  1748 | D:6      | Became a worshipper of Ru the Awakened
  2094 | D:6      | Killed a centaur
  2094 | D:6      | Reached XP level 7. HP: 43/53 MP: 8/10
  2278 | D:6      | Identified the +9 hunting sling of Qicedo {venom, Dex+4} (You found it on level 5 of the Dungeon)
  2342 | D:6      | Found an opulent altar of Gozag.
  2511 | D:5      | Reached skill level 1 in Slings
  2555 | D:5      | Reached skill level 2 in Slings
  2555 | D:5      | Reached XP level 8. HP: 60/60 MP: 11/11
  3131 | D:4      | Found Witosurgh's Food Boutique.
  3171 | D:4      | Reached skill level 3 in Slings
  3221 | D:4      | Found a glowing golden altar of the Shining One.
  3345 | D:4      | Gained mutation: Potions are less effective at restoring your health. [Ru sacrifice]
  3596 | D:2      | Reached skill level 4 in Slings
  4420 | D:2      | Learned a level 2 spell: Blink
  4424 | D:2      | Learned a level 3 spell: Mephitic Cloud
  5177 | D:7      | Reached skill level 5 in Slings
  5271 | D:7      | Reached skill level 6 in Slings
  5282 | D:7      | Reached XP level 9. HP: 57/65 MP: 12/12
  5402 | D:7      | Reached skill level 7 in Slings
  5516 | D:7      | Noticed Dowan
  5519 | D:7      | Noticed Duvessa
  5519 | D:7      | Killed Dowan
  5546 | D:7      | Killed Duvessa
  5720 | D:7      | Found a staircase to the Ecumenical Temple.
  5879 | D:8      | Reached skill level 8 in Slings
  5886 | D:8      | Gained mutation: You cannot be stealthy. [Ru sacrifice]
  5886 | D:8      | Reached * piety under Ru
  5981 | D:8      | Noticed a two-headed ogre
  5987 | D:8      | Killed a two-headed ogre
  5987 | D:8      | Reached skill level 9 in Slings
  5994 | D:8      | Noticed a two-headed ogre
  6016 | D:8      | Killed a two-headed ogre
  6016 | D:8      | Reached XP level 10. HP: 41/71 MP: 13/13
  6214 | D:8      | Reached skill level 10 in Slings
  6628 | D:9      | Noticed a two-headed ogre
  6672 | D:9      | Killed a two-headed ogre
  6845 | D:9      | Reached skill level 11 in Slings
  6938 | D:10     | Entered Level 10 of the Dungeon
  7167 | D:10     | Found a shadowy altar of Dithmenos.
  7255 | D:9      | Got a slimy leather armour
  7276 | D:9      | Identified the cursed +1 leather armour "Dicecatt" {Str+4} (You found it on level 9 of the Dungeon)
  7337 | D:9      | Gained mutation: You cannot study or cast Earth magic. [Ru sacrifice]
  7337 | D:9      | Gained mutation: You cannot study or cast Necromancy magic. [Ru sacrifice]
  7337 | D:9      | Gained mutation: You cannot study or cast Conjurations magic. [Ru sacrifice]
  7337 | D:9      | Reached ** piety under Ru
  7645 | D:9      | Found an iron altar of Okawaru.
  7752 | D:10     | Found a staircase to the Lair.
  7942 | D:11     | Noticed a manticore
  7949 | D:11     | Killed a manticore
  7972 | D:11     | Noticed a tengu warrior
  7992 | D:11     | Killed a tengu warrior
  7992 | D:11     | Reached skill level 12 in Slings
  7992 | D:11     | Reached XP level 11. HP: 45/77 MP: 14/14
  8170 | D:11     | Noticed a two-headed ogre
  8290 | D:11     | Noticed a skeletal warrior
  8521 | D:11     | Noticed 4thArraOfDagon's ghost (journeyman MiAK)
  8522 | D:11     | Noticed a purple ugly thing
  8542 | D:11     | Noticed a red ugly thing
  8714 | D:12     | Noticed a cyan ugly thing
  8729 | D:12     | Killed a cyan ugly thing
  9103 | D:12     | Found a staircase to the Orcish Mines.
  9165 | D:13     | Noticed a two-headed ogre
  9375 | D:12     | Noticed a deep elf mage
  9394 | D:12     | Reached skill level 13 in Slings
  9426 | D:12     | Killed a deep elf mage
  9513 | D:13     | Noticed Maurice
  9522 | D:13     | Noticed Maurice
  9522 | D:13     | Maurice changed into Maurice the bullfrog
  9527 | D:13     | Killed Maurice the bullfrog
  9957 | D:14     | Noticed a wizard
  9967 | D:14     | Killed a wizard
 10085 | D:14     | Noticed a two-headed ogre
 10085 | D:14     | Noticed an orc knight
 10173 | D:14     | Found Xorol's Food Shop.
 10195 | D:14     | Found Kuadyimy's Antique Armour Shoppe.
 10203 | D:14     | Bought a runed helmet for 232 gold pieces
 10203 | D:14     | Bought a colourful robe for 176 gold pieces
 10223 | D:14     | Identified the +2 robe "Ciroirch" {MP+9} (You bought it in a shop on level 14 of the Dungeon)
 10282 | D:15     | Entered Level 15 of the Dungeon
 10301 | D:15     | Reached skill level 14 in Slings
 10355 | D:15     | Reached skill level 1 in Spellcasting
 10387 | D:15     | Reached XP level 12. HP: 57/83 MP: 15/15
 10576 | D:14     | Killed a two-headed ogre
 10733 | D:13     | Found a bloodstained altar of Trog.
 10968 | D:13     | Noticed Nessos
 10973 | D:13     | Noticed Nessos
 10973 | D:13     | Nessos changed into Nessos the moth of wrath
 10979 | D:13     | Killed Nessos the moth of wrath
 11069 | D:13     | Noticed a centaur warrior
 11082 | D:13     | Reached skill level 1 in Translocations
 11097 | D:13     | Noticed a catoblepas
 11123 | D:13     | Killed a catoblepas
 11175 | D:13     | Identified a scroll of acquirement
 11301 | D:13     | Reached skill level 5 in Spellcasting
 11320 | D:13     | Killed a two-headed ogre
 11331 | D:13     | Noticed a vault guard
 11369 | D:13     | Killed a vault guard
 11439 | D:13     | Noticed a vault guard
 11465 | D:13     | Killed a vault guard
 11465 | D:13     | Reached skill level 15 in Slings
 11515 | D:13     | Noticed a vault guard
 11543 | D:13     | Killed a vault guard
 11543 | D:13     | Gained mutation: You are in touch with the powers of death. [Mummy growth]
 11543 | D:13     | Reached XP level 13. HP: 71/88 MP: 22/22
 11636 | D:13     | Found a gate to the Vaults.
 11977 | D:11     | Reached skill level 5 in Translocations
 12414 | D:11     | Paralysed by a great orb of eyes for 5 turns
 12580 | D:12     | Noticed Snorg
 12588 | D:12     | Killed Snorg
 13162 | Orc:1    | Entered Level 1 of the Orcish Mines
 13625 | Orc:1    | Found Jaorumnu's Antique Weapon Shoppe.
 13681 | Orc:2    | Entered Level 2 of the Orcish Mines
 13922 | Orc:2    | Found a staircase to the Elven Halls.
 13957 | Orc:2    | Found a roughly hewn altar of Beogh.
 13963 | Orc:2    | Gained mutation: You are frail. (-10% HP) [Ru sacrifice]
 13963 | Orc:2    | Reached *** piety under Ru
 13963 | Orc:2    | Reached **** piety under Ru
 13963 | Orc:2    | Reached ***** piety under Ru
 14109 | Orc:2    | Noticed a stone giant
 14119 | Orc:2    | Killed a stone giant
 14119 | Orc:2    | Reached skill level 5 in Fighting
 14680 | Orc:2    | Found Cayt's Armour Shoppe.
 14680 | Orc:2    | Found Ykedd's Weapon Shop.
 14683 | Orc:2    | Found Cicor's Antique Armour Shop.
 14683 | Orc:2    | Found Yvatilell's Gadget Shoppe.
 14704 | Orc:2    | Bought a steaming plate armour for 924 gold pieces
 14714 | Orc:2    | Identified the +4 plate armour of the First Friends {+Blink rC- Regen+} (You bought it in a shop on level 2 of the Orcish Mines)
 14714 | Orc:2    | Bought a garnet-encrusted chain mail for 313 gold pieces
 14724 | Orc:2    | Identified the cursed +1 chain mail of Ynusenel {rElec rF+ rC+} (You bought it in a shop on level 2 of the Orcish Mines)
 14905 | Orc:1    | Reached XP level 14. HP: 47/89 MP: 26/26
 15165 | Orc:1    | Bought a bone mace for 192 gold pieces
 15165 | Orc:1    | Identified the +5 mace "Hairob" {antimagic, Dex+8} (You bought it in a shop on level 1 of the Orcish Mines)
 15166 | Orc:1    | Bought a crude spear for 192 gold pieces
 15166 | Orc:1    | Identified the +9 spear "Quhue" {pierce, rElec rC+} (You bought it in a shop on level 1 of the Orcish Mines)
 15267 | Lair:1   | Entered Level 1 of the Lair of Beasts
 15357 | Lair:1   | Noticed Gastronok
 15380 | Lair:1   | Killed Gastronok
 15380 | Lair:1   | Reached skill level 1 in Polearms
 15422 | Lair:1   | Learned a level 1 spell: Apportation
 15644 | Lair:1   | Gained mutation: Your magical capacity is low. (-10% MP) [Ru sacrifice]
 15700 | Lair:1   | Reached skill level 16 in Slings
 16308 | Lair:3   | Found a hole to the Spider Nest.
 16317 | Lair:3   | Noticed Rupert
 16420 | Lair:4   | Noticed Harold
 16443 | Lair:4   | Killed Harold
 16649 | Lair:3   | Reached skill level 5 in Armour
 16678 | Lair:4   | Noticed Urug
 16684 | Lair:4   | Reached skill level 5 in Polearms
 16753 | Lair:3   | Paralysed by Rupert for 2 turns
 16754 | Lair:3   | Killed Rupert
 17343 | Lair:6   | Entered Level 6 of the Lair of Beasts
 17532 | Lair:4   | Found a staircase to the Shoals.
 17574 | Lair:4   | Identified the +0 pair of boots of Makhleb's Displeasure {rPois rC+ Int-4 SInv} (You found it on level 4 of the Lair of Beasts)
 17947 | Lair:5   | Noticed wazuzu's ghost (journeyman DEFE)
 18022 | Lair:6   | Reached XP level 15. HP: 86/94 MP: 25/25
 19296 | Lair:6   | Found a large runed door.
 19296 | Lair:6   | Found a large runed door.
 19382 | Lair:6   | Identified the Guide on Ghastly Attacks
 19395 | Lair:6   | Got a brightly glowing spear
 19396 | Lair:6   | MikeHunt: haven't found a shield yet?
 19396 | Lair:6   | Identified the +6 spear "Eqobe" {elec, +Blink +Fly Str+4} (You found it on level 6 of the Lair of Beasts)
 19823 | Elf:1    | Entered Level 1 of the Elven Halls
 20093 | Elf:1    | Found Giunow's General Store.
 20381 | Elf:1    | Reached skill level 10 in Polearms
 21105 | Elf:2    | Found Fastraeso's Jewellery Boutique.
 21220 | Elf:1    | Reached XP level 16. HP: 99/99 MP: 25/25
 21604 | Elf:3    | Entered Level 3 of the Elven Halls
 22409 | Elf:3    | Noticed Donald
 22422 | Elf:3    | Killed Donald
 22659 | Elf:3    | Gained mutation: You are dopey. (Int -2) [Ru sacrifice]
 23097 | Elf:3    | Noticed a deep elf blademaster
 23126 | Elf:2    | Killed a deep elf blademaster
 23326 | Elf:2    | Found a runed gate.
 23327 | Elf:2    | Found a runed gate.
 23457 | Elf:2    | Identified the cursed +1 chain mail of Teykeeno {rN++} (You found it on level 2 of the Elven Halls)
 23491 | Elf:2    | Reached skill level 17 in Slings
 24090 | Elf:3    | Noticed a deep elf master archer
 24200 | Elf:3    | Killed a deep elf master archer
 24209 | Elf:3    | Reached XP level 17. HP: 12/105 MP: 26/26
 24527 | Elf:3    | Noticed a deep elf blademaster
 24541 | Elf:3    | Killed a deep elf blademaster
 24717 | Elf:3    | Noticed a deep elf master archer
 24743 | Elf:3    | Killed a deep elf master archer
 24749 | Elf:3    | Got a faintly glowing steel ring
 24755 | Elf:3    | Identified the +5 plate armour "Remomur" {-Cast -Tele rC+++ MR+++} (You took it off a deep elf master archer on level 3 of the Elven Halls)
 24886 | Elf:2    | Identified the ring of the Wary Stars {*Contam rElec Int+5 SInv} (You took it off a deep elf master archer on level 3 of the Elven Halls)
 25024 | Elf:3    | Identified the +7 great mace of Contradiction {pain, rN++ MR-} (You took it off a deep elf mage on level 3 of the Elven Halls)
 25025 | Elf:3    | Identified the ring "Rurel" {+Fly MR+ Str-5 Int+2} (You took it off a deep elf mage on level 3 of the Elven Halls)
 25040 | Elf:3    | Identified the Disquisition on Hurtful Hexes
 25047 | Elf:3    | Learned a level 5 spell: Silence
 25112 | Elf:3    | Noticed a deep elf blademaster
 25113 | Elf:3    | Noticed a deep elf master archer
 25123 | Elf:3    | Killed a deep elf blademaster
 25126 | Elf:3    | Killed a deep elf master archer
 25310 | Elf:3    | Identified the Handbook of the Assistive Rocks
 25317 | Elf:3    | Identified the Disquisition on Frigorific Calling
 25403 | Elf:3    | Identified The Last Secrets of Theurgy
 25416 | Elf:3    | Learned a level 8 spell: Controlled Blink
 26066 | Spider:1 | Entered Level 1 of the Spider Nest
 26077 | Spider:1 | Reached skill level 10 in Armour
 27186 | Spider:2 | Learned a level 2 spell: Swiftness
 27279 | Spider:4 | Entered Level 4 of the Spider Nest
 27432 | Spider:4 | Noticed xgamer67's ghost (adept OgFE)
 27897 | Spider:3 | Reached skill level 18 in Slings
 28023 | Spider:4 | Noticed Roxanne
 28040 | Spider:4 | Killed Roxanne
 28097 | Spider:4 | Killed from afar by xgamer67's ghost

Vault maps used:
D:1:      nagdon_arrival_zigzag_paths
D:3:      first_bread, amethyst_killhole
D:4:      tso_metal_star, lemuel_doored_altar, serial_shops, shop,
          lemuel_another_geyser
D:5:      zin_angel, fedhas_altar_4, uniq_grinder
D:6:      bloody_makhleb, grunt_gozag_breadcrumbs, overflow_temple_1_default
D:7:      minmay_temple_entry_glassed_door, enter_bailey_2, grunt_ogre_cave,
          uniq_duvessa
D:8:      minivault_24
D:9:      okawaru_altar_gauntlet_db
D:10:     grunt_lair_entry_orc_guard_hut, grunt_dithmenos_shadows
D:11:     minmay_the_grid_3x3, st_stairs_8
D:12:     orc_0_dummy, uniq_snorg
D:13:     grunt_vaults_entry_tiered, david_defended_altar_elf, uniq_nessos,
          uniq_maurice
D:14:     serial_shops, kennysheep_mini, shop, nicolae_shop_crystal,
          nrook_uturn, moated_statue, lightli_corner_chamber
D:15:     hangedman_depths_entry_civil_slaughter, minmay_misc_feat_diagonals
Lair:1:   lemuel_fruit_tree, minmay_lair_oklob_chamber, serial_bayou_shore_a,
          uniq_gastronok
Lair:2:   grunt_megastairs_5, infiniplex_staircase_pool
Lair:3:   beast_lair_carwin_large_1, spider_nest_entry_web_field, uniq_rupert
Lair:4:   minmay_shoals_entry_lonely_mermaid, serial_bayou_pond_c, uniq_urug,
          uniq_harold
Lair:5:   dpeg_slime_entry_enclosed_altar
Lair:6:   cheibrodos_lair_end_hotspot
Spider:1: uniq_nikola
Spider:4: spider_rune_water, uniq_roxanne, uniq_arachne
Orc:1:    serial_shops, shop, mines3_lemuel
Orc:2:    grunt_orc_tribal_feast, basic_altar
Elf:1:    minmay_elf_arrival_summoners, serial_shops, shop,
          hangedman_elf_represent, hangedman_summoners_spam
Elf:2:    serial_glass, glass_columns_a, glass_columns_c, item_on_display_a,
          serial_shops, nicolae_shop_statue_plus
Elf:3:    minmay_elf_hall, due_unseen_surprise, uniq_donald

Skill      XL: |  1  2  3  4  5  6  7  8  9 10 11 12 13 14 15 16 17 |
---------------+----------------------------------------------------+-----
Armour         | 1 2 3 6 8 9 10 | 10.3
Fighting       | 2 3 4 5 6 |  6.0
Dodging        | 2 3 4 |  4.5
Evocations     | 3 4 |  4.2
Slings         | 2 6 9 12 14 15 16 17 18 | 18.0
Spellcasting   | 1 6 8 |  8.8
Translocations | 4 7 |  7.0
Polearms       | 7 10 12 13 | 13.5
Short Blades   | |  0.7

Action                   |  1- 3 |  4- 6 |  7- 9 | 10-12 | 13-15 | 16-18 || total
-------------------------+-------+-------+-------+-------+-------+-------++-------
Melee: Short sword       |    67 |       |       |       |       |       ||    67
       Dagger            |    12 |    89 |   233 |    96 |       |       ||   430
       Mace              |       |       |       |     7 |     8 |       ||    15
       Spear             |       |       |       |       |   480 |    35 ||   515
       Scythe            |       |       |       |       |       |    31 ||    31
       Hunting sling     |       |       |       |       |       |     1 ||     1
 Fire: Hunting sling     |       |       |   181 |   645 |  1515 |   766 ||  3107
       Fustibalus        |       |       |       |       |       |   361 ||   361
Throw: Throwing net      |       |       |       |     1 |       |     1 ||     2
 Cast: Apportation       |       |       |       |       |       |    11 ||    11
Invok: Sacrifice Purity  |       |       |     1 |       |       |     1 ||     2
       Sacrifice Stealth |       |       |     1 |       |       |       ||     1
       Sacrifice Arcana  |       |       |       |     1 |       |       ||     1
       Reject Sacrifices |       |       |       |     1 |     1 |       ||     2
       Sacrifice Health  |       |       |       |       |     1 |       ||     1
       Sacrifice Essence |       |       |       |       |     1 |       ||     1
       Draw Out Power    |       |       |       |       |     4 |     4 ||     8
       Apocalypse        |       |       |       |       |     3 |     5 ||     8
Evoke: Wand              |     3 |    28 |     1 |     9 |     6 |     4 ||    51
       Fan of gales      |       |       |       |       |     1 |       ||     1
       Phial of floods   |       |       |       |       |       |     1 ||     1
  Use: Scroll            |       |     7 |     4 |    11 |    13 |    24 ||    59
 Stab: Invisible         |       |       |       |       |     5 |       ||     5
       Paralysed         |       |       |       |       |     1 |       ||     1
       Distracted        |       |       |       |       |     2 |       ||     2
Armor: Leather armour    |    16 |       |       |       |       |       ||    16
       Ring mail         |    15 |    19 |       |       |       |       ||    34
       Chain mail        |       |     9 |   158 |   102 |     9 |       ||   278
       Troll leather arm |       |       |       |    22 |    19 |       ||    41
       Plate armour      |       |       |       |       |   429 |   278 ||   707
Dodge: Dodged            |    46 |    45 |   106 |   107 |   227 |    96 ||   627
